 Dungeon Crawl Stone Soup version 0.29.1-15-g9cfb28693d (webtiles) character file.

Game seed: 10499756255219226092

669 dudediamond6 the Spear-Bearer (level 7, -7/54 HPs)
             Began as a Merfolk Gladiator on Mar 30, 2023.
             Was an Initiate of the Shining One.
             Shot with a bolt by an orc warrior (16 damage)
             ... on level 5 of the Dungeon.
             The game lasted 00:09:13 (4936 turns).

dudediamond6 the Spear-Bearer (Merfolk Gladiator)   Turns: 4936, Time: 00:09:13

Health: -7/54      AC: 11    Str: 16    XL:     7   Next: 58%
Magic:  9/9        EV: 10    Int:  8    God:    the Shining One [......]
Gold:   292        SH:  0    Dex: 15    Spells: 6/6 levels left

rFire   . . .      SeeInvis .   x - +2 spear (vorpal)
rCold   + + .      Faith    .   (no shield)
rNeg    . . .      Spirit   .   i - +0 ice dragon scales
rPois   .          Reflect  .   c - +0 helmet
rElec   .          Harm     .   (no cloak)
rCorr   .          Rampage  .   w - +0 pair of gloves
Will    .....                   (no boots)
Stlth   ..........              (no amulet)
HPRegen 0.18/turn               n - ring of fire
MPRegen 0.11/turn               u - ring of protection from cold

@: glowing
A: (nimble swimmer 2), mertail
a: Renounce Religion


You were on level 5 of the Dungeon.
You worshipped the Shining One.
The Shining One was noncommittal.
You visited 1 branch of the dungeon, and saw 5 of its levels.

You collected 318 gold pieces.
You spent 26 gold pieces at shops.

Inventory:

Hand Weapons
 a - a +0 trident
 x - a +2 vorpal spear (weapon)
Missiles
 d - 3 throwing nets (quivered)
 e - 3 javelins
Armour
 b - a +0 leather armour
 c - a +0 helmet (worn)
 i - +0 ice dragon scales (worn)
 w - a +0 pair of gloves (worn)
Jewellery
 n - a ring of fire (left hand)
 u - a ring of protection from cold (right hand)
Wands
 g - a wand of mindburst (4)
Scrolls
 j - a scroll of fear
 o - 2 scrolls of blinking
 p - a scroll of summoning
 q - 2 scrolls of magic mapping
 s - a scroll of fog {unknown}
 t - a scroll of enchant weapon {unknown}
 v - a scroll of silence {unknown}
Potions
 f - 2 potions of cancellation
 h - a potion of attraction {unknown}
 k - 2 potions of heal wounds
 l - 2 potions of ambrosia {unknown}
 m - 3 potions of might
 r - 2 potions of curing {unknown}


   Skills:
 * Level 4.2 Fighting
 * Level 8.5 Polearms
 - Level 2.0 Throwing
 + Level 1.9 Armour
 + Level 4.5 Dodging
 + Level 0.8 Stealth
 * Level 2.8 Invocations


You had 6 spell levels left.
You didn't know any spells.
Your spell library contained the following spells:

 Spells                   Type           Power      Damage    Failure   Level
 Beastly Appendage        Tmut           0%         N/A       91%         1
 Sandblast                Erth           0%         2d4       91%         1
 Passwall                 Tmut/Erth      0%         N/A       97%         2
 Wereblood                Tmut           0%         N/A       97%         2
 Conjure Flame            Conj/Fire      0%         6-21      99%         3
 Ignite Poison            Fire/Tmut/Pois 0%         N/A       99%         3
 Spider Form              Tmut/Pois      0%         N/A       99%         3
 Stone Arrow              Conj/Erth      0%         3d7       99%         3
 Summon Guardian Golem    Hex/Summ       0%         N/A       99%         3
 Sticky Flame             Conj/Fire      0%         2d3       100%        4
 Orb of Destruction       Conj           0%         9d5       100%        7
 Spellforged Servitor     Conj/Summ      0%         N/A       100%        7


Dungeon Overview and Level Annotations

Branches:
Dungeon (5/15)
 Temple: D:4-7

Altars:
Qazlal
The Shining One

Shops:
D:2 ::*   D:3 (

Portals:
Abyss: D:5


Innate Abilities, Weirdness & Mutations

((You are very nimble when in or above water. (Stealth+, EV+, Speed+++)))
Your lower body shifts to a powerful aquatic tail in water.


Message History

You hear a shout!
An orc comes into view. It is wielding a +0 trident.
The orc shouts!
The orc wizard shouts!
The orc wizard points at you and mumbles some strange words.
You are confused.
You are too confused!
You are too confused!
You are too confused!
You are too confused!
You are too confused!
You are too confused!
You bump into the rock wall.
The orc wizard gestures wildly while chanting.
The orc wizard flickers and vanishes!
Deactivating autopickup; reactivate with Ctrl-A.
The orc hits you from afar with a +0 trident.
You bump into the rock wall.
The orc hits you from afar with a +0 trident.
The orc warrior shouts!
The orc wizard shouts!
The orc hits you with a +0 trident!
You closely miss the orc. The orc hits you but does no damage.
The orc hits you but does no damage.
The orc warrior shoots a bolt.
The bolt hits you but does no damage. The orc hits you but does no damage.
You feel less confused. The orc misses you.
The orc shouts!
You hit the orc but do no damage. You hit the orc but do no damage.
The orc hits you but does no damage.
The orc warrior shoots a bolt.
The bolt hits you. The orc completely misses you.
The orc wizard casts a spell at you. The puff of flame hits you.
The orc hits you but does no damage.
A puff of flame appears from out of thin air!
The puff of flame hits you.
The orc warrior shoots a bolt.
The bolt hits you!!
* * * LOW HITPOINT WARNING * * *
The orc warrior shoots a bolt.
The bolt hits you!
You die...

...#######.#.#.###)#.#
.....[.....#.#.###.#)#
....##..#..#.#.....#.#
....##..#..#.#######.#
....##.....#.......#.#
..#.....#.########.#.#
..#######..........#.#
.....# ############.#
.###.######...o.@....#
...#......o....#######
##'#...........#
.........o.....#
.........o.....#
...............#
............####
.....########
.....#######


You could see an orc warrior, an orc wizard and 2 orcs.

Vanquished Creatures
  Grinder (D:3)
  An ice beast (D:5)
  An ogre (D:4)
  A scorpion (D:5)
  An orc priest (D:3)
  A hound (D:4)
  An orc wizard (D:4)
  5 adders (D:4)
  3 worms
  5 dart slugs
  16 orcs
  6 ball pythons
  5 bats
  6 endoplasms
  6 giant cockroaches
  3 goblins
  4 hobgoblins
  5 quokkas
  A frilled lizard (D:3)
  5 kobolds
  5 rats
82 creatures vanquished.

Notes
Turn   | Place    | Note
-------+----------+-------------------------------------------
     0 | D:1      | dudediamond6 the Merfolk Gladiator began the quest for the
                  | Orb.
     0 | D:1      | Reached XP level 1. HP: 16/16 MP: 1/1
   100 | D:1      | Reached XP level 2. HP: 12/22 MP: 2/2
   663 | D:1      | Found a faded altar of an unknown god.
  1076 | D:2      | Reached skill level 1 in Invocations
  1078 | D:2      | Found Hutramne's General Store.
  1087 | D:2      | Bought a scroll of identify for 26 gold pieces
  1153 | D:2      | Found Avuf's Book Emporium.
  1163 | D:2      | Reached XP level 3. HP: 28/28 MP: 3/3
  1229 | D:2      | Found Mudied's Book Boutique.
  1539 | D:2      | Reached skill level 5 in Polearms
  1986 | D:2      | Reached XP level 4. HP: 15/34 MP: 5/5
  2549 | D:3      | Noticed Grinder
  2550 | D:3      | Paralysed by Grinder for 3 turns
  2572 | D:3      | Killed Grinder
  2573 | D:3      | Reached skill level 7 in Polearms
  2573 | D:3      | Reached skill level 1 in Armour
  2573 | D:3      | Reached XP level 5. HP: 22/42 MP: 6/6
  2573 | D:3      | Reached XP level 6. HP: 25/48 MP: 7/7
  2881 | D:3      | Found Suw Fegug's Weapon Boutique.
  3406 | D:4      | Found a stormy altar of Qazlal.
  4099 | D:4      | Reached XP level 7. HP: 38/54 MP: 8/8
  4190 | D:4      | Found a glowing golden altar of the Shining One.
  4208 | D:4      | Became a worshipper of the Shining One
  4354 | D:5      | Entered Level 5 of the Dungeon
  4464 | D:5      | Reached skill level 8 in Polearms
  4897 | D:5      | Found a one-way gate to the infinite horrors of the Abyss.
  4897 | D:5      | Identified the +10 short sword of Ligu {distort, rCorr}
  4936 | D:5      | Shot with a bolt by an orc warrior

Illustrated notes

Levels and vault maps discovered:
D:1:      dpeg_arrival_simpleton_c, layout_basic,
          hellmonk_ecumenical_altar_run_dry, minmay_indecisive_spiral
D:2:      layout_basic, serial_shops, nicolae_shop_advertising_works
          [nicolae_subvault_shop_adworks], shop, nicolae_shop_hallway_plus,
          minivault_11, minmay_stone_trees_small, minmay_pentomino_z2
D:3:      layout_basic, serial_shops, nicolae_shop_statue_plus,
          kennysheep_generic_room_9, uniq_grinder
D:4:      layout_loops_ring, nicolae_qazlal_general_emergency,
          nicolae_tso_swordbearing_angel
D:5:      due_chaos_kobolds, layout_basic, minmay_temple_entry_tees

Skill      XL: |  1  2  3  4  5  6  7 |
---------------+----------------------+-----
Invocations    | 1 2 |  2.8
Polearms       | 5 7 8 |  8.5
Fighting       | 3 4 |  4.2
Armour         | 1 |  1.9
Throwing       | |  2.0
Dodging        | |  4.5
Stealth        | |  0.8

Action                   |  1- 3 |  4- 6 |  7- 9 || total
-------------------------+-------+-------+-------++-------
Melee: Trident           |   136 |   119 |    44 ||   299
       Punch             |     2 |     2 |       ||     4
       Spear             |       |       |     8 ||     8
  Use: Scroll            |     6 |       |       ||     6
       Potion            |       |     1 |       ||     1
Armor: Leather armour    |     3 |       |       ||     3
       Ice dragon scales |    46 |    34 |    20 ||   100
Dodge: Dodged            |    65 |    26 |    18 ||   109
